 Dungeon Crawl Stone Soup version 0.17-a0-1446-gc28613e (webtiles) character file.

38 urechis the Grave Robber (level 3, -8/24 HPs)
             Began as a Vampire Necromancer on June 28, 2015.
             Mangled by an ogre
             ... wielding a +0 giant club
              (9 damage)
             ... on level 2 of the Dungeon.
             The game lasted 00:03:39 (1462 turns).

urechis the Grave Robber (Vampire Necromancer)      Turns: 1462, Time: 00:03:39

Health: -8/24      AC:  2    Str:  7    XL:     3   Next: 25%
Magic:  1/6        EV: 12    Int: 17    God:
Gold:   35         SH:  0    Dex: 15    Spells: 1 memorised, 5 levels left

rFire  . . .     SeeInvis +     b - +0 dagger
rCold  . . .     Clarity  .     d - +0 robe
rNeg   + . .     SustAt   .     (no shield)
rPois  .         Gourm    .     (no helmet)
rElec  .         Spirit   .     (no cloak)
rCorr  .         Warding  .     (no gloves)
rMut   .         Stasis   .     (no boots)
MR     .....                    (no amulet)
Stlth  +++.......               (no ring)
                                (no ring)

@: not resistant to hostile enchantments, fairly stealthy
A: fangs 3, see invisible, unbreathing
a: Bat Form


You were on level 2 of the Dungeon.
You were not thirsty.

You visited 1 branch of the dungeon, and saw 2 of its levels.

You collected 35 gold pieces.

Inventory:

Hand weapons
 a - a +3 hand axe
 b - a +0 dagger (weapon)
Armour
 d - a +0 robe (worn)
Scrolls
 e - a scroll of teleportation {unknown}
 g - 3 scrolls of remove curse {unknown}
 j - 2 scrolls of identify {unknown}
 k - 2 scrolls of fog {unknown}
Potions
 c - 8 potions of blood
 h - a potion of curing {unknown}
 i - a potion of invisibility {unknown}
 l - a potion of cancellation {unknown}
Books
 f - a book of Necromancy

   Spells                             Type                      Level
   a - Pain                           Necromancy                   1
   b - Animate Skeleton               Necromancy                   1
   c - Vampiric Draining              Necromancy                   3
   d - Regeneration                   Charms/Necromancy            3
   e - Animate Dead                   Necromancy                   4
   f - Control Undead                 Necromancy                   4


   Skills:
 - Level 2.1 Dodging
 - Level 3.7 Stealth
 - Level 2.0 Spellcasting
 + Level 5.4 Necromancy


You had 5 spell levels left.
You knew the following spells:

 Your Spells              Type           Power        Failure   Level  Hunger
a - Pain                  Necr           ###.         2%          1    #......


Dungeon Overview and Level Annotations

Branches:
Dungeon (2/15)

Altars:


Innate Abilities, Weirdness & Mutations

You have razor-sharp teeth.
You have supernaturally acute eyesight.
You can survive without breathing.


Message History

Aiming: Pain
Press: ? - help, Shift-Dir - straight line, f/p - ogre
Aim: an ogre, wielding a giant club (moderately wounded, chance to defeat MR: 80%)
The ogre convulses in agony!
Casting: Pain
Confirm with . or Enter, or press ? or * to list all spells.
Aiming: Pain
Press: ? - help, Shift-Dir - straight line, f/p - ogre
Aim: an ogre, wielding a giant club (heavily wounded, chance to defeat MR: 80%)
The ogre barely resists.
You hit the ogre but do no damage. You bite the ogre.
The ogre is heavily wounded.
The ogre completely misses you.
Casting: Pain
Confirm with . or Enter, or press ? or * to list all spells.
Aiming: Pain
Press: ? - help, Shift-Dir - straight line, f/p - ogre
Aim: an ogre, wielding a giant club (heavily wounded, chance to defeat MR: 80%)
The ogre convulses in agony!
The ogre hits you with a giant club!
You die...

######### #.......#
#.#####.# ###.# #.#
#<..#####.########
#.#.......รท..?....
#...####@.#####.##
########..# #.O.#
#........[##.....#
#.#######.......##
#.# ######.## #.#
#.# #.# #.# #.#
#'## ###. #### #.##
##...## #.... ..#


You could see an ogre.

Vanquished Creatures
  An adder (D:2)
  5 bats
  5 hobgoblins
  A ball python (D:2)
  5 giant cockroaches
  5 giant newts
  4 goblins (D:2)
  3 kobolds
  3 rats
32 creatures vanquished.

Notes
Turn   | Place    | Note
--------------------------------------------------------------
     0 | D:1      | urechis the Vampire Necromancer began the quest for the Orb.
     0 | D:1      | Reached XP level 1. HP: 13/13 MP: 3/3
   226 | D:1      | Reached XP level 2. HP: 17/19 MP: 5/5
   938 | D:2      | Reached skill level 5 in Necromancy
   993 | D:2      | Found a faded altar to an unknown god.
  1214 | D:2      | Reached XP level 3. HP: 7/24 MP: 6/6
  1455 | D:2      | Noticed an ogre
  1462 | D:2      | Mangled by an ogre

Vault maps used:
D:1:      minmay_arrival_semitransparent, minivault_25, grunt_decor_fettered,
          minmay_fountain_box
D:2:      ecumenical_altar_1, minmay_quantized

Action                   || total
-------------------------++-------
Melee: Hand axe          ||    37
       Dagger            ||    66
 Cast: Pain              ||    12
  Use: Potion            ||     1
 Stab: Sleeping          ||     6
